 Dungeon Crawl Stone Soup version 0.28.0-53-g5a82cb258f (webtiles) character file.

Game seed: 1184130408239712081

4457 Gabide the Spear-Bearer (level 10, -8/83 HPs)
             Began as a Human Monk on May 29, 2022.
             Was a Priest of Dithmenos.
             Mangled by a freezing wraith (14 damage)
             ... led by a death knight
             ... on level 8 of the Dungeon.
             The game lasted 00:19:20 (9877 turns).

Gabide the Spear-Bearer (Human Monk)                Turns: 9877, Time: 00:19:21

Health: -8/83      AC: 14    Str: 17    XL:     10   Next: 63%
Magic:  10/10      EV: 16    Int: 11    God:    Dithmenos [***...]
Gold:   172        SH:  0    Dex: 20    Spells: 9/9 levels left

rFire   + . .      SeeInvis .   a - +2 halberd
rCold   . . .      Faith    .   (shield currently unavailable)
rNeg    . . .      Spirit   .   e - +0 ring mail
rPois   .          Reflect  .   D - +0 helmet
rElec   .          Harm     .   o - +2 cloak
rCorr   .          Rampage  .   q - +2 pair of gloves
Will    .....                   y - +1 pair of boots {Stlth+}
Stlth   +++.......              i - amulet of magic regeneration
HPRegen 0.23/turn               c - ring of protection from fire
MPRegen 0.52/turn               d - +6 ring of strength

@: about to teleport, weak-willed, slowed, wreathed by umbra, very slow
A: no striking features
a: Renounce Religion, Shadow Step


You were on level 8 of the Dungeon.
You worshipped Dithmenos.
Dithmenos was most pleased with you.
You visited 2 branches of the dungeon, and saw 9 of its levels.

You collected 386 gold pieces.
You spent 214 gold pieces at shops.

Inventory:

Hand Weapons
 a - a +2 halberd (weapon)
 s - a +3 spear of venom
Missiles
 l - 2 poisoned darts (quivered)
 m - a throwing net
 v - 5 boomerangs
 z - a curare-tipped dart
Armour
 e - a +0 ring mail (worn)
 o - a +2 cloak (worn)
 q - a +2 pair of gloves (worn)
 r - a +0 leather armour of fire resistance
 y - a +1 pair of boots of stealth (worn)
 D - a +0 helmet (worn)
Jewellery
 c - a ring of protection from fire (left hand)
 d - a +6 ring of strength (right hand)
 i - an amulet of magic regeneration (around neck)
Wands
 b - a wand of iceblast (10)
 u - a wand of flame (24)
 A - a wand of acid (10)
Scrolls
 f - 2 scrolls of teleportation
 j - 2 scrolls of immolation
 k - a scroll of amnesia {unknown}
 n - 2 scrolls of fog
 t - a scroll of noise {unknown}
 x - a scroll of fear
Potions
 g - a potion of attraction
 h - a potion of curing
 p - a potion of mutation {unknown}
 B - 4 potions of flight {unknown}
 C - a potion of magic {unknown}


   Skills:
 + Level 9.2 Fighting
 + Level 9.2 Polearms
 + Level 9.1 Dodging
 - Level 2.0 Stealth


You had 9 spell levels left.
You didn't know any spells.
Your spell library contained the following spells:

 Spells                   Type           Power      Damage    Failure   Level
 Summon Small Mammal      Summ           0%         N/A       54%         1
 Ensorcelled Hibernation  Hex/Ice        0%         N/A       69%         2
 Passwall                 Tmut/Erth      0%         N/A       69%         2
 Sublimation of Blood     Necr           0%         N/A       69%         2
 Wereblood                Tmut           0%         N/A       69%         2
 Call Canine Familiar     Summ           0%         N/A       89%         3
 Stone Arrow              Conj/Erth      0%         3d7       89%         3
 Summon Guardian Golem    Hex/Summ       0%         N/A       89%         3
 Swiftness                Air            0%         N/A       89%         3
 Animate Armour           Summ/Erth      0%         N/A       100%        4
 Olgreb's Toxic Radiance  Pois           0%         N/A       100%        4
 Summon Mana Viper        Hex/Summ       0%         N/A       100%        5
 Enfeeble                 Hex            0%         N/A       100%        7
 Ozocubu's Refrigeration  Ice            0%         4d5       100%        7
 Summon Hydra             Summ           0%         N/A       100%        7
 Ignition                 Fire           0%         3d3       100%        8
 Lehudib's Crystal Spear  Conj/Erth      0%         10d2      100%        8


Dungeon Overview and Level Annotations

Branches:
Dungeon (8/15)             Temple (1/1) D:4
   Lair: D:8-11

Altars:
Ashenzari
Dithmenos
Fedhas
Gozag
Hepliaklqana
Kikubaaqudgha
Makhleb
Nemelex Xobeh
Okawaru
Qazlal
Ru
Sif Muna
Trog
Uskayaw
Vehumet
Wu Jian
Xom
Yredelemnul
Zin
The Shining One

Shops:
D:7 [


Message History

The death knight looks as sick as possible!
The death knight is lightly wounded.
The phantasmal warrior gestures at you.
The phantasmal warrior blinks!
The death knight reflects your damage back at you!
The death knight reflects your damage back at you!
The death knight reflects your damage back at you!
The phantasmal warrior hits you.
The death knight is no longer moving slowly.
The death knight reflects your damage back at you!
The phantasmal warrior gestures at you.
The phantasmal warrior blinks!
The death knight reflects your damage back at you!
Press: ? - help, v - describe, . - travel
Here: a phantasmal warrior (umbra)
The floor.
Unknown command.
Unknown command.
You closely miss the phantasmal warrior.
The phantasmal warrior hits you!
Your willpower is stripped away!
You barely miss the phantasmal warrior.
The death knight's dark mirror aura disappears.
The phantasmal warrior hits you! The freezing wraith hits you!
The freezing wraith freezes you!!
* * * LOW HITPOINT WARNING * * *
The freezing wraith hits you.
* * * LOW HITPOINT WARNING * * *
The freezing wraith drains your vigour!
You feel yourself slow down.
As you read the scroll of teleportation, it crumbles to dust.
You feel strangely unstable. The phantasmal warrior hits you.
* * * LOW HITPOINT WARNING * * *
The freezing wraith barely misses you.
The freezing wraith hits you but does no damage.
The death knight hits you but does no damage.
The phantasmal warrior hits you.
* * * LOW HITPOINT WARNING * * *
The freezing wraith hits you.
* * * LOW HITPOINT WARNING * * *
The freezing wraith freezes you!
You die...

#......#.#...# #......#.#._.#
..######.#.#...# . ## ##+#
.........#...... ..###.###..#
.........#.#####
...........####+#####........
...........##....#..........#
...........W.....#..........#
(((.......pW@..).#...>......#
(..........##'####..........#
...##..##..#.......####.....#
. #.. ####.......# #.....#
#... #.......# #.....# +...
#.......# #.....# ####
#.......# #.....# .........#
#...... ...######## #......


You could see a death knight (very poisoned), a phantasmal warrior and a
freezing wraith.

Vanquished Creatures
  Harold (D:7)
  Sigmund (D:3)
  A wraith (D:8)
  3 water moccasins
  2 ice beasts (D:6)
  2 orc warriors
  A sky beast (D:6)
  3 necrophages
  3 ogres
  4 centaurs
  4 bullfrogs
  2 wyvern zombies (D:7)
  2 wyvern skeletons
  A water moccasin skeleton (D:5)
  12 wights
  2 howler monkeys
  An electric eel (D:7)
  5 orc priests
  2 centaur skeletons
  6 hounds
  2 jellies
  3 iguanas
  4 orc wizards
  Terence (D:2)
  A hound zombie (D:5)
  2 gnolls (D:1)
  6 adders
  A shadow imp (D:8)
  A white imp (D:7)
  An ufetubus (D:4)
  An adder skeleton (D:5)
  3 worms
  3 dart slugs
  17 orcs
  An endoplasm (D:3)
  A giant cockroach (D:4)
  5 goblins
  4 hobgoblins
  3 jackals (D:3)
  3 quokkas
  7 ball pythons
  4 bats
  A frilled lizard (D:2)
  5 kobolds
  6 rats
144 creatures vanquished.

Vanquished Creatures (others)
  4 fungi (D:5)
4 creatures vanquished.

Grand Total: 148 creatures vanquished

Notes
Turn   | Place    | Note
-------+----------+-------------------------------------------
     0 | D:1      | Gabide the Human Monk began the quest for the Orb.
     0 | D:1      | Reached XP level 1. HP: 18/18 MP: 1/1
   229 | D:1      | Reached XP level 2. HP: 24/24 MP: 2/2
   455 | D:1      | Reached XP level 3. HP: 14/29 MP: 3/3
  1502 | D:2      | Noticed Terence
  1545 | D:2      | Killed Terence
  1546 | D:2      | Reached XP level 4. HP: 18/37 MP: 4/4
  2522 | D:3      | Reached XP level 5. HP: 35/42 MP: 5/5
  2741 | D:3      | Noticed Sigmund
  2786 | D:3      | Killed Sigmund
  2787 | D:3      | Reached XP level 6. HP: 41/49 MP: 6/6
  2948 | D:3      | Found a broken altar of Ashenzari.
  3020 | D:3      | Found a faded altar of an unknown god.
  3282 | D:3      | Found a burning altar of Makhleb.
  3467 | D:4      | Noticed a necrophage
  3472 | D:4      | Killed a necrophage
  3530 | D:4      | Reached XP level 7. HP: 55/55 MP: 7/7
  3580 | D:4      | Reached skill level 5 in Fighting
  3580 | D:4      | Reached skill level 5 in Polearms
  3580 | D:4      | Reached skill level 5 in Dodging
  3590 | D:4      | Found a large runed translucent door.
  3590 | D:4      | Found a large runed translucent door.
  3627 | D:4      | Found a staircase to the Ecumenical Temple.
  3858 | D:4      | Found a blossoming altar of Fedhas.
  3859 | D:4      | Found a shimmering altar of Xom.
  4271 | D:4      | Found a stormy altar of Qazlal.
  4360 | D:4      | Found a bloodstained altar of Trog.
  4629 | Temple   | Entered the Ecumenical Temple
  4896 | D:5      | Entered Level 5 of the Dungeon
  4946 | D:5      | HP: 1/48 [wight/+4 long sword (10)]
  4965 | D:4      | Reached XP level 8. HP: 44/56 MP: 8/8
  5871 | D:5      | Found a sparkling altar of Nemelex Xobeh.
  5887 | D:5      | Reached XP level 9. HP: 62/71 MP: 9/9
  6005 | D:5      | Found a hide-covered altar of Uskayaw.
  6709 | D:6      | HP: 3/72 [wyvern skeleton (1)]
  8045 | D:7      | Reached XP level 10. HP: 75/77 MP: 10/10
  8141 | D:7      | Found Onad's Armour Shop.
  8151 | D:7      | Bought a +1 pair of boots of stealth for 214 gold pieces
  8177 | D:7      | Noticed Harold
  8225 | D:7      | Killed Harold
  9145 | D:3      | Prayed at the altar of an unknown god.
  9145 | D:3      | Became a worshipper of Dithmenos the Shadowed
  9145 | D:3      | Reached * piety under Dithmenos
  9145 | D:3      | Reached ** piety under Dithmenos
  9284 | D:8      | Found an iron altar of Okawaru.
  9318 | D:8      | Found a glowing golden altar of the Shining One.
  9619 | D:8      | Got Cosm's Grimoire of Fascination
  9633 | D:8      | Reached *** piety under Dithmenos
  9634 | D:8      | Found a hazy altar of Hepliaklqana.
  9854 | D:8      | Noticed a death knight
  9864 | D:8      | Noticed a freezing wraith
  9867 | D:8      | Noticed a phantasmal warrior
  9877 | D:8      | Mangled by a freezing wraith

Illustrated notes

Levels and vault maps discovered:
D:1:      minmay_arrival_solitary_statue, layout_loops_corners
D:2:      layout_basic, nicolae_figureground_sparkle, uniq_terence
D:3:      layout_basic, lemuel_crystal_altar, nicolae_overflow_hidden_temple,
          shapermc_ecumenical_altar_venn, st_stairs_8, serial_park_tiny_2,
          hangedman_decor_diamond_cutter, uniq_sigmund
D:4:      layout_loops_cross, gammafunk_temple_overflow_pools,
          jmf_multi_god_temple2, minmay_temple_entry_grid
D:5:      wad_pebble_path, layout_rooms, nicolae_uskayaw_dance_hall,
          mainiacjoe_overflow_boulevard, minmay_checkerbox
D:6:      layout_loops_ring, serial_glass, glass_columns_a, glass_columns_a,
          glass_columns_a, glass_columns_a, st_stairs_1
D:7:      layout_basic, enter_bailey_5, nicolae_wooded_promenade, uniq_harold
D:8:      layout_gridville, mainiacjoe_overflow_surrounded_room,
          mainiacjoe_overflow_cross_hatched, overflow_temple_1_default,
          mainiacjoe_overflow_alcove_1, serial_shops, shop
Temple:   compressed_dpeg_triangle_lava_temple

Skill      XL: |  1  2  3  4  5  6  7  8  9 10 |
---------------+-------------------------------+-----
Fighting       | 4 5 6 8 9 |  9.2
Polearms       | 4 5 6 8 9 |  9.2
Dodging        | 4 5 6 8 9 |  9.1
Stealth        | |  2.0

Action                   |  1- 3 |  4- 6 |  7- 9 | 10-12 || total
-------------------------+-------+-------+-------+-------++-------
Melee: Spear             |    63 |       |    71 |       ||   134
       Halberd           |     6 |   103 |   204 |   142 ||   455
Throw: Dart              |       |       |    15 |    17 ||    32
       Boomerang         |       |       |     1 |       ||     1
Evoke: Wand              |       |       |     2 |       ||     2
  Use: Scroll            |       |     2 |     7 |     2 ||    11
       Potion            |       |     1 |     4 |     1 ||     6
 Stab: Sleeping          |     6 |     3 |     1 |     2 ||    12
       Distracted        |       |       |     2 |     1 ||     3
Armor: Robe              |     1 |       |       |       ||     1
       Ring mail         |     3 |    32 |    80 |    55 ||   170
Dodge: Dodged            |    29 |    58 |   167 |   142 ||   396
